 Dungeon Crawl Stone Soup version 0.31-a0-152-g6aa68a64a1 (webtiles) character file.

Game seed: 12260546728325420131

226 comborobin the Sneak (level 5, 0/31 HPs)
             Began as a Deep Elf Delver on June 10, 2023.
             Was an Initiate of Okawaru.
             Slain by an ufetubus (2 damage)
             ... summoned by Eustachio
             ... on level 4 of the Dungeon.
             The game lasted 00:02:56 (1424 turns).

comborobin the Sneak (Deep Elf Delver)              Turns: 1424, Time: 00:02:58

Health: 0/31       AC:  4    Str:  9    XL:     5   Next: 69%
Magic:  8/8        EV: 12    Int: 15    God:    Okawaru [......]
Gold:   93         SH:  0    Dex: 18    Spells: 4/4 levels left

rFire   . . .        a - +3 short sword
rCold   . . .        (no shield)
rNeg    . . .        b - +1 leather armour
rPois   .            (no helmet)
rElec   .            (no cloak)
rCorr   .            (no gloves)
SInv    .            (no boots)
Will    .....        (no amulet)
Stlth   +++          (no ring)
HPRegen 0.25/turn    (no ring)
MPRegen 0.11/turn

%: no passive effects
@: no status effects
A: no striking features
a: Renounce Religion


You were on level 4 of the Dungeon.
You worshipped Okawaru.
Okawaru was noncommittal.
You visited 1 branch of the dungeon, and saw 4 of its levels.

You collected 93 gold pieces.

Inventory:

Hand Weapons
 a - a +3 short sword (weapon)
 f - a +1 flail of protection
 h - a +0 short sword
Armour
 b - a +1 leather armour (worn)
Wands
 g - a wand of digging (3)
Scrolls
 c - a scroll of fog
 d - 2 scrolls of magic mapping
 e - a scroll of poison
 i - 2 scrolls of identify


   Skills:
 - Level 2.4 Fighting
 + Level 5.1 Short Blades
 - Level 3.0 Dodging
 - Level 6.0 Stealth
 + Level 1.8 Invocations
 + Level 1.7 Evocations


You had 4 spell levels left.
You didn't know any spells.
Your spell library contained the following spells:

 Spells                   Type           Power      Damage    Failure   Level
 Beastly Appendage        Tmut           0%         N/A       36%         1
 Wereblood                Tmut           0%         N/A       50%         2
 Spider Form              Tmut/Pois      0%         N/A       75%         3


Dungeon Overview and Level Annotations

Branches:
Dungeon (6/15)
 Temple: D:4-7

Altars:
Ashenzari
Cheibriados
Fedhas
Gozag
Okawaru
Ru
Wu Jian

Annotations:
D:4 1 transporter, Eustachio; comborobin's ghost, amateur DEDe
D:6 Dowan, Duvessa


Message History

Aim: Eustachio, wielding a +3 rapier and wearing a +0 leather armour (moderately wounded, chance to affect: 72%) Eustachio struggles to resist.
The quokka bites you but does no damage.
The quokka closely misses you.
Eustachio twirls his moustache.
Aiming: Mindburst
Press: ? - help, Shift-Dir - straight line, f/p - Eustachio
Aim: Eustachio, wielding a +3 rapier and wearing a +0 leather armour (moderately wounded, chance to affect: 72%) Eustachio's mind is blasted!!
The now-empty wand crumbles to dust.
The quokka bites you. x2; Eustachio hits you with a +3 rapier!
The quokka barely misses you.
You hit Eustachio but do no damage.
Eustachio is almost dead.
The quokka barely misses you.
Eustachio mumbles some strange words.
You closely miss Eustachio.
Eustachio is almost dead.
The quokka misses you. The quokka closely misses you.
The ufetubus barely misses you.
The ufetubus hits you but does no damage.
You hit Eustachio.
Eustachio is almost dead.
The quokka bites you.
Eustachio gestures wildly while chanting.
The quokka bites you. The ufetubus hits you. The ufetubus misses you.
You miss Eustachio.
Eustachio is almost dead.
The quokka bites you. The ufetubus closely misses you. x2
Eustachio hits you with a +3 rapier.
* * * LOW HITPOINT WARNING * * *
The quokka closely misses you.
You aren't carrying any potions.
You completely miss Eustachio.
Eustachio is almost dead.
The quokka bites you.
* * * LOW HITPOINT WARNING * * *
The ufetubus hits you.
* * * LOW HITPOINT WARNING * * *
The ufetubus hits you.
You die...

#..............#
#.....##.
#..............#
#.....##.
#..............##
#........
#...............#
#...######
###########...#.#
#.## #...#.# #.
#...# # #.5.#
#@@b# #rr.# #r..#
#...# #...# #####


You could see Eustachio, an ufetubus (summoned), 2 quokkas, a bat (summoned) and
a rat (summoned).

Vanquished Creatures
  An ogre (D:4)
  Jessica (D:3)
  An orc wizard (D:4)
  2 adders
  3 gnolls (D:4)
  2 worms
  3 orcs
  4 ball pythons
  An endoplasm (D:3)
  A giant cockroach (D:3)
  3 hobgoblins (D:3)
  2 jackals (D:4)
  3 kobolds
  A quokka (D:4)
  A bat (D:4)
  A frilled lizard (D:3)
  3 goblins (D:3)
33 creatures vanquished.

Notes
Turn   | Place    | Note
-------+----------+-------------------------------------------
     0 | D:5      | comborobin the Deep Elf Delver began the quest for the Orb.
     0 | D:5      | Reached XP level 1. HP: 13/13 MP: 3/3
     1 | D:6      | Noticed Duvessa
     1 | D:6      | Noticed Dowan
     1 | D:6      | Found an ornate altar of the Wu Jian Council.
    88 | D:4      | Reached XP level 2. HP: 16/18 MP: 4/4
   129 | D:4      | Found an opulent altar of Gozag.
   257 | D:4      | Found a sacrificial altar of Ru.
   271 | D:4      | Reached XP level 3. HP: 13/22 MP: 5/5
   359 | D:4      | Noticed a water moccasin
   359 | D:4      | Noticed comborobin's ghost (amateur DEDe)
   369 | D:4      | Found a transporter.
   453 | D:3      | Found a blossoming altar of Fedhas.
   514 | D:3      | Noticed Jessica
   543 | D:3      | Killed Jessica
   544 | D:3      | Reached XP level 4. HP: 9/27 MP: 6/6
   663 | D:3      | Found an iron altar of Okawaru.
   664 | D:3      | Found a broken altar of Ashenzari.
   680 | D:3      | Became a worshipper of Warmaster Okawaru
  1261 | D:4      | Noticed an ogre
  1273 | D:4      | Found a snail-covered altar of Cheibriados.
  1281 | D:4      | Killed an ogre
  1282 | D:4      | Reached skill level 5 in Short Blades
  1282 | D:4      | Reached skill level 1 in Invocations
  1282 | D:4      | Reached skill level 1 in Evocations
  1282 | D:4      | Reached XP level 5. HP: 31/31 MP: 6/8
  1412 | D:4      | Noticed Eustachio
  1424 | D:4      | Slain by an ufetubus

Illustrated notes

Levels and vault maps discovered:
D:3:      layout_loops_ring, chequers_temple_overflow_statue_of_worship,
          uniq_jessica
D:4:      layout_basic, nicolae_ru_great_annihilating_truth,
          mainiacjoe_overflow_surrounded_room, mainiacjoe_overflow_brackets,
          mainiacjoe_overflow_paths, gammafunk_ghost_arena,
          kennysheep_generic_room_8, uniq_menkaure, uniq_eustachio
D:5:      layout_basic
D:6:      layout_cave_pools, kennysheep_mini, lemuel_round_altar,
          mainiacjoe_overflow_tiny_flanked, nicolae_ossuary_entry_ruins,
          uniq_maggie, uniq_prince_ribbit1, uniq_duvessa,
          uniq_crazy_yiuf_cottage

Skill      XL: |  1  2  3  4 |
---------------+-------------+-----
Short Blades   | 3 4 5 |  5.1
Dodging        | 3 |  3.0
Invocations    | 1 |  1.8
Evocations     | 1 |  1.7
Fighting       | |  2.4
Stealth        | |  6.0

Action                     |  1- 3 |  4- 6 || total
---------------------------+-------+-------++-------
  Melee: Flail             |    14 |       ||    14
         Short sword       |    45 |    44 ||    89
  Evoke: Wand              |       |     8 ||     8
    Use: Scroll            |     3 |     3 ||     6
         Potion            |     1 |       ||     1
   Stab: Sleeping          |     1 |     6 ||     7
         Paralysed         |     1 |       ||     1
 Armour: Leather armour    |    10 |    10 ||    20
  Dodge: Dodged            |    39 |    24 ||    63

Table legend: (Time is in decaauts)
 A = Elapsed time spent in this place.
 B = Non-inter-level travel time spent in this place.
 C = Inter-level travel time spent in this place.
 D = Time resting spent in this place.
 E = Time spent auto-exploring this place.
 F = Levels seen in this place.
 G = Mean time per level.
                   A        B        C        D        E       F      G
               +--------+--------+--------+--------+--------+-----+--------+
         Total |   1393 |   1362 |     31 |    277 |    701 |   4 |  348.2 |
       Dungeon |   1393 |   1362 |     31 |    277 |    701 |   4 |  348.2 |
               +--------+--------+--------+--------+--------+-----+--------+

Top non-repeatable levels by time:
     D:3: 846 daAuts
     D:4: 518 daAuts
     D:5: 22 daAuts
     D:6: 5 daAuts
